 Dungeon Crawl Stone Soup version 0.23.2-40-g277498a001 (webtiles) character file.

Game seed: 3349174347847980756

51 DildoBatman the Magician (level 4, 0/30 HPs)
             Began as a Formicid Wizard on Sept 17, 2019.
             Slain by a bat (1 damage)
             ... on level 3 of the Dungeon.
             The game lasted 00:04:31 (2432 turns).

DildoBatman the Magician (Formicid Wizard)          Turns: 2432, Time: 00:04:32

Health: 0/30       AC:  4    Str: 12    XL:     4   Next: 7%
Magic:  8/8        EV: 12    Int: 18    God:
Gold:   97         SH:  0    Dex:  9    Spells: 2/9 levels left

rFire    . . .     SeeInvis +   a - +0 dagger (drain)
rCold    . . .     Gourm    .   (no shield)
rNeg     . . .     Faith    .   k - +0 robe
rPois    .         Spirit   .   (helmet unavailable)
rElec    .         Reflect  .   h - +0 cloak
rCorr    .         Harm     .   o - +0 pair of gloves
MR       .....                  (no boots)
Stlth    ++........             (no amulet)
HPRegen  0.10/turn              (no ring)
MPRegen  0.11/turn              (no ring)

@: lightly drained
A: permanent stasis, dig shafts and tunnels, four strong arms, antennae 3
a: Dig, Shaft Self


You were on level 3 of the Dungeon.
You were hungry.

You visited 1 branch of the dungeon, and saw 3 of its levels.

You collected 97 gold pieces.

Inventory:

Hand Weapons
 a - a +0 dagger of draining (weapon)
Missiles
 b - 58 arrows
 j - 21 bolts
 l - 56 stones (quivered)
Armour
 h - a +0 cloak (worn)
 k - a +0 robe (worn)
 o - a +0 pair of gloves (worn)
Scrolls
 d - 2 scrolls of immolation {unknown}
 e - 2 scrolls of identify {unknown}
 g - a scroll of noise {unknown}
Potions
 c - a potion of might {unknown}
 f - 2 potions of resistance {unknown}
 i - 3 potions of haste {unknown}
 n - a potion of lignification {unknown}
 p - a potion of agility {unknown}
Comestibles
 m - a chunk of flesh
 v - 7 rations


   Skills:
 - Level 1.7(1.6) Dodging
 - Level 2.4(2.2) Stealth
 - Level 3.2(3.1) Spellcasting
 * Level 3.2(3.1) Conjurations
   Level 1.0(0.8) Summonings
   Level 0.8(0.7) Translocations


You had 2 spell levels left.
You knew the following spells:

 Your Spells              Type           Power        Failure   Level  Hunger
a - Conjure Flame         Conj/Fire      #.......     26%         3    ###....
c - Magic Dart            Conj           ##..         4%          1    None
e - Mephitic Cloud        Conj/Pois/Air  #.......     32%         3    ###....

Your spell library contained the following spells:

 Spells                   Type           Power        Failure   Level  Hunger
 Call Imp                 Summ           #.......     17%         2    ##.....
 Slow                     Hex            #.......     24%         2    ##.....
 Blink                    Tloc           Unusable     N/A         2    N/A

Dungeon Overview and Level Annotations

Branches:
Dungeon (3/15)

Altars:
Ashenzari
Sif Muna
Vehumet
The Shining One

Annotations:
D:2 exclusion: skeleton


Innate Abilities, Weirdness & Mutations

You cannot be hasted, slowed, berserked, paralysed or teleported.
You can dig through walls and to a lower floor.
Your four strong arms can wield two-handed weapons with a shield.
You have a pair of large antennae on your head. (SInv)


Message History

The crimson imp hits you. What are your orders? t - Shout!
Orders for allies: a - Attack new target. p - Attack previous target. r - Retreat! s - Stop attacking. g - Guard the area. f - Follow me.
Anything else - Cancel.
You shout for attention!
The bat completely misses you. The bat closely misses you.
The crimson imp hits you. What are your orders? t - Shout!
Orders for allies: a - Attack new target. p - Attack previous target. r - Retreat! s - Stop attacking. g - Guard the area. f - Follow me.
Anything else - Cancel.
You shout for attention!
The bat hits you.
You die...

#
#.##.......#.###..#.###
# ..####'###.#.#
....... #
######.###.#.# #.##.###
# .......#.#.##### .# #
.........#.... #
........5#.#.# #
.........#.#.### #
.........#.#...#### #
########...@b...... #
#.#.#5#.#### . #.#.#.#
..#.#.. ####.###. #.#
.. #.# .# #.# .#


You could see a crimson imp and a bat.

Vanquished Creatures
  2 adders
  2 dart slugs
  2 giant cockroaches
  5 goblins
  2 hobgoblins
  2 quokkas (D:2)
  5 bats
  3 frilled lizards
  A kobold (D:3)
  7 rats
31 creatures vanquished.

Notes
Turn   | Place    | Note
-------+----------+-------------------------------------------
     0 | D:1      | DildoBatman the Formicid Wizard began the quest for the
                  | Orb.
     0 | D:1      | Reached XP level 1. HP: 13/13 MP: 4/4
    31 | D:1      | Reached skill level 1 in Conjurations
   240 | D:1      | Reached XP level 2. HP: 15/19 MP: 0/6
  1279 | D:2      | Found a deep blue altar of Sif Muna.
  1347 | D:2      | Reached XP level 3. HP: 24/24 MP: 7/7
  1352 | D:2      | Learned a level 3 spell: Conjure Flame
  1356 | D:2      | Learned a level 3 spell: Mephitic Cloud
  2052 | D:3      | Found a glowing golden altar of the Shining One.
  2052 | D:3      | Found a shattered altar of Ashenzari.
  2052 | D:3      | Found a radiant altar of Vehumet.
  2101 | D:3      | Reached XP level 4. HP: 23/30 MP: 1/8
  2431 | D:3      | HP: 1/30 [crimson imp (1)]
  2432 | D:3      | Slain by a bat

Skill      XL: |  1  2  3 |
---------------+----------+-----
Conjurations   | 1 2 3 |  3.2
Dodging        | |  1.7
Stealth        | |  2.4
Spellcasting   | |  3.2
Summonings     | |  1.0
Translocations | |  0.8

Action                   |  1- 3 |  4- 6 || total
-------------------------+-------+-------++-------
Melee: Dagger            |     7 |    29 ||    36
 Cast: Magic Dart        |    74 |    21 ||    95
 Abil: Dig               |       |     2 ||     2
 Stab: Sleeping          |     1 |       ||     1
  Eat: Chunk             |     3 |     1 ||     4
Armor: Robe              |     7 |    77 ||    84
Dodge: Dodged            |    19 |   109 ||   128
